 Dungeon Crawl Stone Soup version 0.28-a0-655-g4eb62b627b (webtiles) character file.

Game seed: 16711403587239005221

60 runemasterragnar the Magician (level 4, 0/32 HPs)
             Began as a Djinni Hedge Wizard on Oct 13, 2021.
             Slain by Terence (11 damage)
             ... on level 2 of the Dungeon.
             The game lasted 00:03:03 (2160 turns).

runemasterragnar the Magician (Djinni Hedge Wizard) Turns: 2160, Time: 00:03:04

Health: 0/32       AC:  2    Str: 10    XL:     4   Next: 24%
Gold:   66         EV: 12    Int: 16    God:
                   SH:  0    Dex: 12

rFire   + + .      SeeInvis .   a - +0 dagger
rCold   x . .      Faith    .   (no shield)
rNeg    . . .      Spirit   .   b - +0 robe
rPois   ∞          Reflect  .   c - +0 hat
rElec   .          Harm     .   (no cloak)
rCorr   .          Rampage  .   (no gloves)
Will    .....                   (boots unavailable)
Stlth   ++........              (no amulet)
HPRegen 0.10/turn               (no ring)
MPRegen 0.00/turn               (no ring)

@: flying, hasted, very quick
A: sickness immunity, fire resistance 2, cold vulnerability 1, float, innate
caster, hp casting, extra vitality 1
a: no special abilities


You were on level 2 of the Dungeon.
You visited 1 branch of the dungeon, and saw 2 of its levels.

You collected 66 gold pieces.

Inventory:

Hand Weapons
 a - a +0 dagger (weapon)
Missiles
 f - 43 stones
Armour
 b - a +0 robe (worn)
 c - a +0 hat (worn)
 d - a +0 hat
Potions
 g - a potion of curing {unknown}


   Skills:
 + Level 1.3 Fighting
 + Level 2.8 Dodging
 + Level 2.1 Stealth
 * Level 3.0 Spellcasting


You couldn't memorise any spells.
You knew the following spells:

 Your Spells              Type           Power      Damage    Failure   Level
a - Magic Dart            Conj           48%        1d5       5%          1
b - Blink                 Tloc           N/A        N/A       9%          2
c - Call Imp              Summ           12%        N/A       9%          2
d - Slow                  Hex            12%        N/A       9%          2
e - Conjure Flame         Conj/Fire      12%        6-21      16%         3
f - Mephitic Cloud        Conj/Pois/Air  12%        N/A       16%         3
g - Beastly Appendage     Tmut           24%        N/A       5%          1
Your spell library was empty.

Dungeon Overview and Level Annotations

Branches:
Dungeon (2/15)

Altars:

Annotations:
D:2 Terence


Innate Abilities, Weirdness & Mutations

You are immune to sickness and miasma.
You are immune to poison.
Your flesh is very heat resistant. (rF++)
You are vulnerable to cold. (rC-)
You float through the air rather than walking.
You learn spells naturally, not from books.
Your magical power is your life essence.
You have superior vitality. (+4 HP)


Message History

The ball explodes into a vile cloud!
The stinking cloud engulfs Terence but does no damage.
Terence is heavily wounded.
* * * LOW HITPOINT WARNING * * *
Terence is engulfed in noxious fumes.
Terence is no longer moving slowly.
Terence is engulfed in noxious fumes.
Terence appears confused.
Terence chortles and stares into space.
Terence barely misses your iron imp.
Your iron imp hits Terence.
You aren't carrying any items that you can evoke.
You aren't carrying any scrolls.
Unknown command.
It was a potion of haste.
You feel yourself speed up.
Terence mumbles something.
Your iron imp hits Terence but does no damage.
Your iron imp hits Terence.
What are your orders? t - Shout!
Orders for allies: a - Attack new target. p - Attack previous target. r - Retreat! s - Stop attacking. g - Guard the area. f - Follow me.
Anything else - Cancel.
Gang up on whom?
Press: ? - help, Dir - move target, f/p - Terence
Aim: Terence, wielding a +0 flail and wearing a +0 chain mail (severely wounded, confused, ally target) Attack!
Your iron imp hits Terence but does no damage.
Unknown command.
You hit Terence but do no damage.
Terence is severely wounded.
Terence hits your iron imp with a +0 flail.
You strike the helpless Terence from behind!
You hit Terence but do no damage.
Terence is severely wounded.
Your iron imp hits Terence.
You hit Terence but do no damage.
Terence is almost dead.
Terence seems less confused.
Terence hits you with a +0 flail!
You die...

.### ...### .#
.#)..# #.#
...#.### #.#
##.....#### #.#
##....#..# #.#
####.#..# #.#
#.#'####+####+#.#
#.†.......@@....#
#.........5.....#
##.............##
##'####+####+##
#†.# #..# ####


You could see Terence (ally target) and a friendly iron imp (summoned).

Vanquished Creatures
  Jessica (D:2)
  A worm (D:2)
  A dart slug (D:1)
  An endoplasm (D:1)
  A giant cockroach (D:1)
  3 hobgoblins (D:1)
  3 quokkas (D:1)
  2 ball pythons
  2 bats
  A frilled lizard (D:1)
  A goblin (D:2)
  A kobold (D:1)
  2 rats (D:1)
20 creatures vanquished.

Vanquished Creatures (collateral kills)
  An adder (D:2)
1 creature vanquished.

Grand Total: 21 creatures vanquished

Notes
Turn   | Place    | Note
-------+----------+-------------------------------------------
     0 | D:1      | runemasterragnar the Djinni Hedge Wizard began the quest
                  | for the Orb.
     0 | D:1      | Reached XP level 1. HP: 15/15 MP: 0/0
   490 | D:1      | Reached XP level 2. HP: 15/22 MP: 0/0
  1839 | D:2      | Reached XP level 3. HP: 16/26 MP: 0/0
  1839 | D:2      | Learned a level 1 spell: Beastly Appendage
  1961 | D:2      | Noticed Jessica
  1967 | D:2      | Killed Jessica
  1968 | D:2      | Reached skill level 1 in Fighting
  2025 | D:2      | Reached XP level 4. HP: 31/32 MP: 0/0
  2051 | D:2      | Reached skill level 3 in Spellcasting
  2129 | D:2      | Noticed Terence
  2160 | D:2      | Slain by Terence

Illustrated notes

Levels and vault maps discovered:
D:1:      arrival_zaba_pyramid, layout_loops_ring
D:2:      layout_rooms, shapermc_ecumenical_altar_notcrosses,
          minmay_snake_closets, uniq_terence, uniq_jessica

Skill      XL: |  1  2  3  4 |
---------------+-------------+-----
Fighting       | 1 |  1.3
Stealth        | 2 |  2.1
Spellcasting   | 3 |  3.0
Dodging        | |  2.8

Action                   |  1- 3 |  4- 6 || total
-------------------------+-------+-------++-------
Melee: Dagger            |     7 |    10 ||    17
       Headbutt          |     1 |       ||     1
 Cast: Magic Dart        |    54 |     2 ||    56
       Beastly Appendage |     2 |       ||     2
       Call Imp          |       |     2 ||     2
       Conjure Flame     |       |     1 ||     1
       Slow              |       |     1 ||     1
       Mephitic Cloud    |       |     1 ||     1
  Use: Potion            |       |     1 ||     1
 Stab: Sleeping          |     1 |       ||     1
       Confused          |       |     1 ||     1
Armor: Robe              |     1 |     1 ||     2
Dodge: Dodged            |     5 |     5 ||    10

Table legend: (Time is in decaauts)
 A = Elapsed time spent in this place.
 B = Non-inter-level travel time spent in this place.
 C = Inter-level travel time spent in this place.
 D = Time resting spent in this place.
 E = Time spent auto-exploring this place.
 F = Levels seen in this place.
 G = Mean time per level.
                   A        B        C        D        E       F      G
               +--------+--------+--------+--------+--------+-----+--------+
         Total |   2157 |   2085 |     72 |    378 |   1547 |   2 | 1078.5 |
       Dungeon |   2157 |   2085 |     72 |    378 |   1547 |   2 | 1078.5 |
               +--------+--------+--------+--------+--------+-----+--------+

Top non-repeatable levels by time:
     D:1: 1820 daAuts
     D:2: 337 daAuts
